 Dungeon Crawl Stone Soup version 0.22.1-1-ga44c0e5 (webtiles) character file.

254 brandon the Skirmisher (level 5, -3/48 HPs)
             Began as a Minotaur Berserker on Oct 1, 2018.
             Was a Priest of Trog.
             Slain by Sigmund
             ... wielding a +0 scythe
              (14 damage)
             ... on level 4 of the Dungeon.
             The game lasted 00:07:08 (3485 turns).

brandon the Skirmisher (Minotaur Berserker)         Turns: 3485, Time: 00:07:08

Health: -3/48      AC:  3    Str: 22    XL:     5   Next: 90%
Magic:  4/4        EV: 12    Int:  4    God:    Trog [***...]
Gold:   92         SH:  0    Dex: 10    Spells: 4/4 levels left

rFire    . . .     SeeInvis .   o - +0 mace (holy)
rCold    . . .     Gourm    .   (no shield)
rNeg     . . .     Faith    .   d - -1 leather armour (curse)
rPois    .         Spirit   .   (helmet restricted)
rElec    .         Reflect  .   (no cloak)
rCorr    .         Harm     .   k - +0 pair of gloves
MR       .....                  (no boots)
Stlth    ..........             (no amulet)
HPRegen  0.16/turn              (no ring)
MPRegen  0.09/turn              (no ring)

@: confused
A: retaliatory headbutt, horns 2
a: Berserk, Trog's Hand, Renounce Religion


You were on level 4 of the Dungeon.
You worshipped Trog.
Trog was most pleased with you.
You were hungry.

You visited 1 branch of the dungeon, and saw 4 of its levels.

You collected 188 gold pieces.
You spent 96 gold pieces at shops.

Inventory:

Hand Weapons
 a - a +0 hand axe
 o - a +0 mace of holy wrath (weapon)
Armour
 d - a cursed -1 leather armour (worn)
 h - a +0 scale mail
 k - a +0 pair of gloves (worn)
Jewellery
 r - an uncursed ring of stealth {unknown}
 u - an uncursed ring of wizardry {unknown}
 v - an uncursed ring of positive energy {unknown}
 A - a +4 ring of intelligence {unknown}
Wands
 C - a wand of flame (18)
Scrolls
 b - 5 scrolls of identify
 f - 4 scrolls of enchant weapon
 g - 5 scrolls of teleportation
 l - 2 scrolls of remove curse
 m - 3 scrolls of immolation
 p - a scroll of enchant armour {unknown}
 q - a scroll of random uselessness {unknown}
 y - a scroll of noise {unknown}
Potions
 e - 3 potions of flight {unknown}
 i - 4 potions of curing
 j - a potion of haste {unknown}
 n - 4 potions of might
 s - 3 potions of brilliance
 t - a potion of degeneration {unknown}
 w - a potion of lignification {unknown}
 x - a potion of resistance {unknown}
 B - a potion of heal wounds
Comestibles
 c - 10 rations


   Skills:
 + Level 5.0 Fighting
 - Level 4.3(5.0) Axes
 * Level 3.5(4.5) Maces & Flails
 + Level 3.8 Armour
 + Level 3.4 Dodging


You had 4 spell levels left.
You didn't know any spells.
Your spell library contained the following spells:

 Spells                   Type           Power        Failure   Level  Hunger
 Confusing Touch          Hex            #.....       54%         1    ##.....
 Confuse                  Hex            #.......     89%         3    ####...
 Gell's Gravitas          Tloc           #.........   89%         3    ####...
 Petrify                  Tmut/Erth      #.......     100%        4    #####..
 Metabolic Englaciation   Hex/Ice        #.........   100%        5    ######.
 Yara's Violent Unravell  Hex/Tmut       #.........   100%        5    ######.


Dungeon Overview and Level Annotations

Branches:
Dungeon (4/15)
 Temple: D:4-7

Altars:
Qazlal
Xom

Shops:
D:4 !

Annotations:
D:4 Sigmund


Innate Abilities, Weirdness & Mutations

You reflexively headbutt those who attack you in melee.
You have a pair of horns on your head.


Message History

Sigmund is lightly wounded.
Sigmund barely misses you. You furiously retaliate!
You headbutt Sigmund. You closely miss Sigmund. You headbutt Sigmund.
Sigmund is moderately wounded.
Sigmund misses you.
You hit Sigmund.
Sigmund is moderately wounded.
Sigmund mumbles some strange words.
Sigmund flickers and vanishes!
Deactivating autopickup; reactivate with Ctrl-A.
You closely miss something. You headbutt something. Something hits you!
You hit something but do no damage.
You hear some strange, mumbled words.
You are confused.
You bump into the rock wall.
Something hits you!
You bump into the rock wall.
You barely miss something. You headbutt something! Something hits you!
* * * LOW HITPOINT WARNING * * *
Something hits you!
You die...

#..# .... #..#
#.# #..### #.#
.... #.# # #..
#.# #.##.####
#.# #...@.{.#
#.# ####.##.#
###.#
#.####.....#)..
#....
#...........(.>
#.#.#
######.#####...
#.#.# #.# ..
#.#.# #.# ##.##
#.#..
#.######...##
#.###
#.......#.#.#
#.# #


There were no monsters in sight!

Vanquished Creatures
  A bullfrog skeleton (D:3)
  Ijyb (D:4)
  A worker ant (D:3)
  8 adders (D:3)
  3 worms
  A dart slug (D:2)
  2 leopard geckos
  8 orcs
  5 ball pythons (D:3)
  6 bats
  5 giant cockroaches
  5 goblins
  5 hobgoblins
  11 jackals
  2 quokkas
  A frilled lizard (D:3)
  13 kobolds
  7 rats
85 creatures vanquished.

Vanquished Creatures (others)
  A bullfrog skeleton (D:2)
  A jackal (D:2)
2 creatures vanquished.

Grand Total: 87 creatures vanquished

Notes
Turn   | Place    | Note
-------+----------+-------------------------------------------
     0 | D:1      | brandon the Minotaur Berserker began the quest for the Orb.
     0 | D:1      | Reached XP level 1. HP: 19/19 MP: 0/0
    49 | D:1      | Reached skill level 4 in Fighting
   210 | D:1      | Reached XP level 2. HP: 23/27 MP: 1/1
  1211 | D:2      | Found a stormy altar of Qazlal.
  1227 | D:2      | Reached XP level 3. HP: 30/33 MP: 2/2
  1228 | D:2      | Reached ** piety under Trog
  1500 | D:2      | Found a shimmering altar of Xom.
  1647 | D:2      | Reached skill level 1 in Maces & Flails
  2046 | D:3      | Reached XP level 4. HP: 26/41 MP: 3/3
  2628 | D:3      | Reached *** piety under Trog
  2630 | D:3      | Reached XP level 5. HP: 34/47 MP: 4/4
  3113 | D:3      | Reached skill level 5 in Fighting
  3208 | D:4      | Found Puilugapp's Distillery.
  3208 | D:4      | Noticed Ijyb
  3220 | D:4      | Killed Ijyb
  3234 | D:4      | Bought a potion of heal wounds for 60 gold pieces
  3234 | D:4      | Bought a potion of curing for 36 gold pieces
  3473 | D:4      | Noticed Sigmund
  3485 | D:4      | Slain by Sigmund

Skill      XL: |  1  2  3  4  5 |
---------------+----------------+-----
Fighting       | 4 5 |  5.0
Axes           | 4 |  4.3
Maces & Flails | 1 2 3 |  3.5
Armour         | 3 |  3.8
Dodging        | 3 |  3.4

Action                   |  1- 3 |  4- 6 || total
-------------------------+-------+-------++-------
Melee: Hand axe          |    54 |       ||    54
       Headbutt          |    12 |    13 ||    25
       Mace              |    46 |    94 ||   140
Invok: Berserk           |       |     1 ||     1
  Use: Scroll            |       |     6 ||     6
  Eat: Chunk             |     3 |     2 ||     5
       Ration            |       |     1 ||     1
Armor: Animal skin       |     3 |       ||     3
       Leather armour    |    18 |    18 ||    36
Dodge: Dodged            |    84 |    81 ||   165
